 Dungeon Crawl Stone Soup version 0.28.0 (webtiles) character file.

Game seed: 4856058860213060746

635160 Kaptain the Metallomancer (level 27, -4/173 HPs)
             Began as a Gargoyle Earth Elementalist on Feb 5, 2022.
             Killed from afar by a white draconian stormcaller (5 damage)
             ... with a blast of cold
             ... on level 1 of the Realm of Zot.
             The game lasted 06:32:01 (118194 turns).

Kaptain the Metallomancer (GrEE)                  Turns: 118194, Time: 06:32:02

Health: -4/173     AC: 51    Str:  9    XL:     27
Magic:  17/47      EV:  8    Int: 30    God:
Gold:   4987       SH:  0    Dex: 13    Spells: 20/67 levels left

rFire   + + +      SeeInvis +   h - +11 falchion "Eviscerator" {venom, rC+ rCorr Dex+3}
rCold   + + +      Faith    .   l - +2 kite shield {reflect}
rNeg    + + .      Spirit   .   T - +0 shadow dragon scales
rPois   ∞          Reflect  +   U - +1 helmet {SInv}
rElec   +          Harm     .   Z - +2 cloak "Wixocy" {rF+ rC+}
rCorr   +          Rampage  +   v - +2 pair of gloves
Will    +++++      Clarity  +   M - +1 pair of boots {rampage}
Stlth   +++++.....              t - amulet of the Four Winds {rN+ Will+++ Clar}
HPRegen 0.38/turn               I - ring "Itare" {rF+ rC+ rCorr Stlth+}
MPRegen 0.30/turn               y - ring of Weveitzi {rF+ rC+ Str-3 Stlth+}

@: confused, ambrosia-drunk, flying, slowed, studying 2 skills, very slow
A: sickness immunity, AC +20, big wings, negative energy resistance 1,
electricity resistance, torment resistance 1, petrification resistance, mutation
resistance 1
}: 4/15 runes: serpentine, barnacled, slimy, silver
a: no special abilities


You were on level 1 of the Realm of Zot.
You visited 16 branches of the dungeon, and saw 60 of its levels.
You visited the Abyss 1 time.
You also visited: Sewer, Ossuary, Bailey and Ice Cave.

You collected 8830 gold pieces.
You spent 3843 gold pieces at shops.

Inventory:

Hand Weapons
 h - the +11 falchion "Eviscerator" (weapon) {venom, rC+ rCorr Dex+3}
   (You found it on level 3 of the Snake Pit)

   It poisons the flesh of those it strikes.
   Dex:       It affects your dexterity (+3).
   rC:        It protects you from cold.
   rCorr:     It protects you from acid and corrosion.
 x - a +3 demon trident of venom
 F - a +2 scimitar of holy wrath
 V - the +9 broad axe of Ycain {flame, Int+4}
   (You found it on level 3 of the Depths)

   It burns those it strikes, dealing additional fire damage.
   Big, fiery blades are also staple armaments of hydra-hunters.
   Int:       It affects your intelligence (+4).
Missiles
 k - 2 silver javelins
 N - 1361 stones (quivered)
Armour
 l - a +2 kite shield of reflection (worn)
 v - a +2 pair of gloves (worn)
 M - a +1 pair of boots of rampaging (worn)
 T - +0 shadow dragon scales (worn)
 U - a +1 helmet of see invisible (worn)
 Z - the +2 cloak "Wixocy" (worn) {rF+ rC+}
   (You found it on level 4 of the Vaults)

   rF:        It protects you from fire.
   rC:        It protects you from cold.
Magical Staves
 a - a staff of earth
Jewellery
 b - the ring "Komu Gio" {Will- MP+9 Int+5 Dex+6}
   (You took it off a spriggan berserker on level 2 of the Depths)

   [ring of dexterity]

   Int:       It affects your intelligence (+5).
   Dex:       It affects your dexterity (+6).
   MP:        It affects your magic capacity (+9).
   Will:      It decreases your willpower.
 q - a ring of wizardry
 t - the amulet of the Four Winds (around neck) {rN+ Will+++ Clar}
   (You took it off a frost giant on level 5 of the Vaults)

   [amulet of nothing]

   rN:        It protects you from negative energy.
   Clar:      It protects you against confusion.
   Will:      It greatly increases your willpower.
 y - the ring of Weveitzi (right hand) {rF+ rC+ Str-3 Stlth+}
   (You acquired it on level 12 of the Dungeon)

   [ring of protection from cold]

   Str:       It affects your strength (-3).
   rF:        It protects you from fire.
   rC:        It protects you from cold.
   Stlth:     It makes you more stealthy.
 D - the ring "Pups" {+Blink rN+ MP+9}
   (You found it on level 3 of the Snake Pit)

   [ring of positive energy]

   rN:        It protects you from negative energy.
   MP:        It affects your magic capacity (+9).
   +Blink:    It lets you blink.
 I - the ring "Itare" (left hand) {rF+ rC+ rCorr Stlth+}
   (You found it on level 3 of the Snake Pit)

   [ring of protection from cold]

   rF:        It protects you from fire.
   rC:        It protects you from cold.
   rCorr:     It protects you from acid and corrosion.
   Stlth:     It makes you more stealthy.
 O - a ring of magical power
 W - a ring of protection from cold
 X - the amulet "Bitise Tuef" {RegenMP rC+ rCorr Str-4 Int+5}
   (You took it off a mummy priest on level 1 of the Depths)

   [amulet of magic regeneration]

   It increases your rate of magic regeneration.
   Str:       It affects your strength (-4).
   Int:       It affects your intelligence (+5).
   rC:        It protects you from cold.
   rCorr:     It protects you from acid and corrosion.
Wands
 m - a wand of acid (6)
 z - a wand of digging (4)
 Q - a wand of iceblast (20)
Scrolls
 c - 4 scrolls of magic mapping
 d - 5 scrolls of fog
 o - 18 scrolls of amnesia
 r - 8 scrolls of enchant weapon
 B - 2 scrolls of fear
 H - 8 scrolls of holy word
 K - 8 scrolls of enchant armour
 L - 2 scrolls of summoning
Potions
 f - 12 potions of curing
 g - 7 potions of might
 j - 9 potions of ambrosia
 p - a potion of cancellation
 s - 12 potions of mutation
 E - a potion of resistance
 G - 3 potions of heal wounds
 R - 6 potions of brilliance
 S - a potion of invisibility
 Y - 3 potions of berserk rage
Miscellaneous
 n - a tin of tremorstones (2/2)
 u - a condenser vane
 w - a box of beasts
 C - a lightning rod (4/4)
 J - a phial of floods
 P - a phantom mirror


   Skills:
 + Level 18.0 Fighting
 + Level 17.4 Armour
 + Level 12.7 Dodging
 - Level 16.0 Stealth
 + Level 19.2 Shields
 * Level 20.8 Spellcasting
 * Level 24.1 Conjurations
 - Level 0.7 Transmutations
 * Level 26.1 Earth Magic


You had 20 spell levels left.
You knew the following spells:

 Your Spells              Type           Power      Damage    Failure   Level
a - Sandblast             Erth           100%       2d20      0%          1
b - Stone Arrow           Conj/Erth      100%       3d13      0%          3
c - Fireball              Conj/Fire      40%        3d16      6%          5
d - Lee's Rapid Deconstr  Erth           56%        3d27*     1%          5
e - Orb of Destruction    Conj           54%        9d14      1%          7
f - Animate Skeleton      Necr           62%        N/A       32%         1
g - Sticky Flame          Conj/Fire      80%        2d9       2%          4
h - Swiftness             Air            31%        N/A       69%         3
i - Lehudib's Crystal Sp  Conj/Erth      55%        10d13     7%          8
j - Passwall              Tmut/Erth      70%        N/A       1%          2
k - Iron Shot             Conj/Erth      55%        9d10      1%          6
l - Blink                 Tloc           62%        N/A       45%         2

Your spell library contained the following spells:

 Spells                   Type           Power      Damage    Failure   Level
 Magic Dart               Conj           100%       1d8       0%          1
 Foxfire                  Conj/Fire      100%       2x1d9     1%          1
 Shock                    Conj/Air       100%       1d9       1%          1
 Static Discharge         Conj/Air       80%        N/A       1%          2
 Dazzling Flash           Conj/Hex       100%       N/A       1%          3
 Animate Armour           Summ/Erth      100%       N/A       1%          4
 Leda's Liquefaction      Hex/Erth       41%        N/A       1%          4
 Petrify                  Tmut/Erth      84%        N/A       1%          4
 Iskenderun's Battlesphe  Conj           100%       2d15      1%          5
 Fulminant Prism          Conj/Hex       40%        3d20      2%          4
 Hailstorm                Conj/Ice       80%        3d16      2%          4
 Iskenderun's Mystic Bla  Conj/Tloc      80%        2d16      2%          4
 Mephitic Cloud           Conj/Pois/Air  68%        N/A       3%          3
 Borgnjor's Vile Clutch   Necr/Erth      41%        N/A       4%          5
 Irradiate                Conj/Tmut      40%        3d27      5%          5
 Beastly Appendage        Tmut           70%        N/A       24%         1
 Sting                    Tmut/Pois      100%       1d8       28%         1
 Apportation              Tloc           62%        N/A       32%         1
 Freeze                   Ice            100%       1d11      32%         1
 Pain                     Necr           100%       1d9       32%         1
 Slow                     Hex            100%       N/A       32%         1
 Summon Small Mammal      Summ           100%       N/A       32%         1
 Freezing Cloud           Conj/Ice/Air   34%        6-21      32%         5
 Conjure Ball Lightning   Conj/Air       40%        3x3d13    34%         6
 Starburst                Conj/Fire      40%        6d11      34%         6
 Wereblood                Tmut           35%        N/A       36%         2
 Call Imp                 Summ           31%        N/A       45%         2
 Corpse Rot               Necr/Air       62%        N/A       45%         2
 Ensorcelled Hibernation  Hex/Ice        62%        N/A       45%         2
 Poisonous Vapours        Pois/Air       62%        N/A       45%         2
 Ignite Poison            Fire/Tmut/Pois 32%        N/A       65%         3
 Spider Form              Tmut/Pois      33%        N/A       65%         3
 Call Canine Familiar     Summ           31%        N/A       69%         3
 Confusing Touch          Hex            31%        N/A       69%         3
 Frozen Ramparts          Ice            62%        1d8       69%         3
 Gell's Gravitas          Tloc           31%        N/A       69%         3
 Lesser Beckoning         Tloc           31%        N/A       69%         3
 Ozocubu's Armour         Ice            31%        N/A       69%         3
 Portal Projectile        Hex/Tloc       62%        N/A       69%         3
 Summon Guardian Golem    Hex/Summ       31%        N/A       69%         3
 Teleport Other           Tloc           31%        N/A       69%         3
 Tukima's Dance           Hex            31%        N/A       69%         3
 Vampiric Draining        Necr           31%        2d8       69%         3
 Spellforged Servitor     Conj/Summ      40%        N/A       89%         7
 Ice Form                 Ice/Tmut       33%        N/A       96%         4
 Anguish                  Hex/Necr       15%        N/A       97%         4
 Animate Dead             Necr           15%        N/A       97%         4
 Cause Fear               Hex            15%        N/A       97%         4
 Dispel Undead            Necr           31%        3d14      97%         4
 Olgreb's Toxic Radiance  Pois           31%        N/A       97%         4
 Passage of Golubria      Tloc           31%        N/A       97%         4
 Summon Ice Beast         Ice/Summ       31%        N/A       97%         4
 Summon Lightning Spire   Summ/Air       31%        N/A       97%         4
 Agony                    Necr           31%        N/A       100%        5
 Blade Hands              Tmut           17%        N/A       100%        5
 Excruciating Wounds      Necr           15%        N/A       100%        5
 Manifold Assault         Tloc           31%        N/A       100%        5
 Metabolic Englaciation   Hex/Ice        15%        N/A       100%        5
 Silence                  Hex/Air        15%        N/A       100%        5
 Summon Forest            Summ/Tloc      15%        N/A       100%        5
 Summon Mana Viper        Hex/Summ       31%        N/A       100%        5
 Yara's Violent Unravell  Hex/Tmut       16%        3d8       100%        5
 Death Channel            Necr           15%        N/A       100%        6
 Dispersal                Tloc           15%        N/A       100%        6
 Eringya's Noxious Bog    Tmut/Pois      16%        N/A       100%        6
 Simulacrum               Ice/Necr       15%        N/A       100%        6
 Summon Cactus Giant      Summ           15%        N/A       100%        6
 Dragon Form              Tmut           17%        N/A       100%        7
 Malign Gateway           Summ/Tloc      15%        N/A       100%        7
 Monstrous Menagerie      Summ           15%        N/A       100%        7
 Ozocubu's Refrigeration  Ice            15%        4d8       100%        7
 Storm Form               Tmut/Air       16%        N/A       100%        7
 Summon Hydra             Summ           15%        N/A       100%        7
 Disjunction              Tloc           15%        N/A       100%        8
 Maxwell's Capacitive Co  Air            15%        ∞         100%        8
 Necromutation            Tmut/Necr      16%        N/A       100%        8
 Summon Horrible Things   Summ           15%        N/A       100%        8
 Dragon's Call            Summ           15%        N/A       100%        9
 Polar Vortex             Ice            15%        N/A       100%        9
 Statue Form              Tmut/Erth      Unusable   N/A       N/A         6
 Sublimation of Blood     Necr           Unusable   N/A       N/A         2

Dungeon Overview and Level Annotations

Branches:
Dungeon (15/15)            Temple (1/1) D:7            Lair (6/6) D:10
 Shoals (4/4) Lair:4        Snake (4/4) Lair:3        Slime (5/5) Lair:5
    Orc (2/2) D:9             Elf (3/3) Orc:2        Vaults (5/5) D:13
  Crypt (3/3) Vaults:2       Tomb (0/3) Crypt:3      Depths (4/4) D:15
   Hell (visited)             Dis (1/7) Hell            Geh (2/7) Hell
    Coc (2/7) Hell            Tar (0/7) Hell            Zot (2/5) Depths:4
  Sewer (visited)         Ossuary (visited)          Bailey (visited)
  IceCv (visited)

Altars:
Ashenzari
Cheibriados
Dithmenos
Elyvilon
Fedhas
Gozag
Hepliaklqana
Kikubaaqudgha
Makhleb
Nemelex Xobeh
Okawaru
Qazlal
Ru
Sif Muna
Trog
Uskayaw
Vehumet
Wu Jian
Xom
Yredelemnul
Zin
The Shining One
Beogh
Jiyva
Lugonu

Shops:
D:9 (   D:13 =   D:15 :[?**   Orc:2 *[(=   Elf:2 *   Elf:3 :   Shoals:1 :
Shoals:3 =   Snake:1 (   Snake:4 !   Vaults:4 (   Depths:1 *   Depths:2 !(:

Portals:
Hell: Depths:1 Depths:2 Depths:3 Depths:4
Abyss: Depths:1 Depths:3
Pandemonium: Depths:2
Ziggurat: Depths:2

Annotations:
Vaults:3 Saint Roka


Innate Abilities, Weirdness & Mutations

You are immune to sickness and miasma.
Your stone body is resilient. (AC +20)
You are immune to poison.
Your large and strong wings let you fly.
You resist negative energy. (rN+)
You are resistant to electric shocks. (rElec)
You are resistant to unholy torment.
You are immune to petrification.
You are somewhat resistant to further mutation.


Message History

The bolt of lightning hits you! You resist.
* * * LOW HITPOINT WARNING * * *
The black draconian knight hits you but does no damage.
The white draconian stormcaller breathes frost at you.
The blast of cold hits the black draconian knight!!
The blast of cold hits you. You resist.
* * * LOW HITPOINT WARNING * * *
You block the black draconian knight's attack.
The black draconian knight breathes lightning at you.
The bolt of lightning hits you! You resist.
* * * LOW HITPOINT WARNING * * *
The black draconian knight breathes lightning at you.
The bolt of lightning misses you.
You are confused.
You feel invigorated.
The white draconian stormcaller mumbles some strange prayers to Qazlal against you.
Qazlal smites you!
* * * LOW HITPOINT WARNING * * *
The black draconian knight casts a spell at you.
The bolt of cold hits you. You resist.
* * * LOW HITPOINT WARNING * * *
The black draconian knight hits you but does no damage.
Unknown command.
The black draconian knight breathes lightning at you.
The bolt of lightning hits you! You resist.
* * * LOW HITPOINT WARNING * * *
The black draconian knight breathes lightning at you.
The bolt of lightning hits you! You resist.
* * * LOW HITPOINT WARNING * * *
The green draconian hits you but does no damage.
The green draconian tail-slaps you but does no damage.
The black draconian knight points at you and mumbles some strange words.
The shard of ice hits you but does no damage.
The black draconian knight breathes lightning at you.
The bolt of lightning hits you but does no damage.
You resist.
The white draconian stormcaller breathes frost at you.
The blast of cold hits the black draconian knight!
The blast of cold hits you. You resist.
You die...

# ###...## #......#
#....###⌠.[...#
###...##...####
####.......#
#...#......#
#...#......#
##########...##.....####
...[...................#
...............q@......#
...........)....qd.....#
#################q..####
#d....# ###d)...#
#.°k....# #####
##.○...### #...#
#......## #...#
#.d.....#


You could see 2 draconians, a green draconian, a red draconian, a white
draconian (poisoned), a white draconian stormcaller (poisoned, catching breath)
and a rime drake (summoned).

Vanquished Creatures
  the Royal Jelly (Slime:5)
  4 dread liches
  Mara (Elf:2)
  2 ancient liches
  3 juggernauts
  Margery (Depths:4)
  A caustic shrike (Depths:2)
  8 golden dragons
  Jory (Vaults:3)
  Geryon (Hell)
  Nikola (Snake:4)
  A bone dragon (Vaults:2)
  6 iron giants (Coc:1)
  A Hell Sentinel (Hell)
  A hellephant (Geh:1)
  3 tainted leviathans (Coc:1)
  Rupert (D:12)
  A walking earthen tome (Depths:3)
  3 deep elf blademasters
  7 titans
  Asterion (Snake:4)
  7 tentacled monstrosities
  2 walking frostbound tomes
  9 liches
  5 quicksilver dragons
  3 searing wretches
  4 deep elf master archers (Elf:3)
  A walking divine tome (Depths:4)
  33 acid blobs
  10 ancient champions
  8 sphinxes
  A kraken (Shoals:2)
  Frances (D:14)
  4 death cobs
  Polyphemus (Shoals:4)
  3 tengu reavers (Vaults:5)
  Kirke (D:15)
  9 shadow dragons
  A nagaraja (Snake:4)
  Roxanne (Shoals:2)
  Donald (Snake:4)
  Ilsuiw (Shoals:2)
  5 storm dragons
  21 fire giants
  26 azure jellies
  4 revenants
  32 rockslimes
  14 frost giants
  5 deep elf sorcerers
  4 orc warlords
  20 vault wardens
  Louise (Snake:4)
  An emperor scorpion (D:15)
  2 caustic shrike zombies (Crypt:3)
  5 curse skulls
  An iron dragon (Vaults:5)
  6 deep elf elementalists (Elf:3)
  A draconian shifter (Zot:1)
  15 ironbound preservers
  4 ghouls
  Aizul (Vaults:4)
  27 quicksilver oozes
  A spriggan defender (Depths:2)
  3 draconian annihilators
  A draconian stormcaller (Zot:1)
  13 reapers
  A broodmother (shapeshifter) (Vaults:5)
  19 stone giants
  5 war gargoyles (Dis:1)
  24 very ugly things
  8 ironbound thunderhulks
  The ghost of hitsuchi the Black Belt, a journeyman OpTm of Gozag (D:12)
  3 black draconians
  5 green draconians
  2 deep elf demonologists
  8 vampire knights
  2 lorocyprocas (Depths:2)
  An entropy weaver (Vaults:2)
  A wendigo (Hell)
  3 dire elephants (Vaults:4)
  3 purple draconians
  3 red draconians
  A bunyip (shapeshifter) (Depths:3)
  4 spark wasps
  3 yellow draconians
  13 eidola
  5 deep elf annihilators (Elf:3)
  4 iron golems
  2 blizzard demons
  A green death (Hell)
  An ettin (shapeshifter) (Depths:2)
  10 deep elf death magi
  7 merfolk javelineers
  15 ettins
  A quicksilver dragon zombie (Crypt:1)
  7 fire dragons
  2 mummy priests
  Josephine (D:11)
  2 crystal guardians
  The ghost of coldbreeze the Martial Artist, a journeyman OpGl of Ashenzari (Lair:2)
  Fannar (D:10)
  16 merfolk impalers
  A kraken zombie (Hell)
  3 spriggan zombies
  4 jiangshi
  14 yaktaur captains
  3 deep elf high priests (Elf:3)
  35 vault guards
  A hell beast (Depths:2)
  16 ice dragons
  17 great orbs of eyes
  3 boulder beetles
  A boulder beetle (shapeshifter) (Vaults:5)
  2 peacekeepers (Vaults:4)
  5 salamander tyrants (Snake:4)
  2 rakshasas (Depths:2)
  19 naga warriors
  The ghost of Lapinsky1 the Cleaver, a journeyman MiGl of Xom (D:8)
  A catoblepas (Shoals:4)
  7 hydras
  2 ogre magi (Vaults:5)
  2 alligator snapping turtles
  A caustic shrike simulacrum (IceCv)
  4 spriggan air magi
  8 ironbound frosthearts
  12 anacondas
  4 merfolk aquamancers (Shoals:4)
  A satyr (Shoals:3)
  A death knight (Crypt:1)
  A two-headed ogre (shapeshifter) (D:15)
  3 merfolk avatars
  6 centaur warriors
  35 dancing weapons
  9 tengu warriors
  3 deep troll earth magi
  4 two-headed ogres
  8 vampire magi
  33 hell hogs
  4 orc high priests
  3 spriggan berserkers
  17 naga sharpshooters
  10 shock serpents
  2 titan zombies (Crypt:3)
  6 deep troll shamans
  3 death yaks (Shoals:4)
  23 deep elf knights
  6 hell knights
  3 crystal echidnas
  9 sun demons
  Urug (D:13)
  12 soul eaters
  3 iron trolls
  4 spriggans
  6 skeletal warriors (Crypt:2)
  7 salamander mystics (Snake:4)
  A titan skeleton (Crypt:3)
  A storm dragon skeleton (Vaults:4)
  5 shadow wraiths
  An orb spider (shapeshifter) (Depths:4)
  A steelbarb worm (shapeshifter) (Vaults:5)
  22 deep trolls
  7 flayed ghosts
  8 sea snakes
  8 glowing orange brains
  An orange crystal statue (Hell)
  An anaconda zombie (Hell)
  A swamp dragon (Lair:6)
  A bunyip zombie (Crypt:1)
  10 lindwurms
  An obsidian statue (IceCv)
  2 shadow demons (Depths:1)
  6 naga ritualists
  4 bog bodies (IceCv)
  6 wizards
  A spriggan simulacrum (IceCv)
  17 deep elf archers
  13 orc knights
  15 ironbound convokers
  37 harpies
  18 phantasmal warriors
  An anaconda skeleton (Crypt:3)
  A bunyip skeleton (Crypt:1)
  30 deep elf pyromancers
  21 necromancers
  A lindwurm (shapeshifter) (Vaults:5)
  A shadow dragon skeleton (Crypt:3)
  19 mana vipers
  A shadow dragon zombie (Vaults:5)
  A wolf spider (shapeshifter) (Vaults:4)
  A fire giant zombie (Depths:1)
  A human zombie (Vaults:4)
  29 deep elf zephyrmancers
  29 ugly things
  18 fauns
  5 shining eyes
  A frost giant zombie (Vaults:4)
  5 orc sorcerers
  A moth of wrath (shapeshifter) (D:14)
  7 moths of wrath
  A manticore (shapeshifter) (Vaults:5)
  3 cyclopes
  A stone giant zombie (Vaults:5)
  23 manticores
  20 naga magi
  31 salamanders
  4 ice statues
  11 elephants (Lair:6)
  A fire giant skeleton (Crypt:2)
  24 vault sentinels
  10 smoke demons
  5 guardian serpents
  7 merfolk sirens
  2 eyes of devastation
  40 black mambas
  A dire elephant zombie (Crypt:1)
  An elephant slug zombie (Crypt:1)
  10 cane toads
  3 gargoyles
  10 water nymphs
  Psyche (D:8)
  2 molten gargoyles (Depths:2)
  A dire elephant skeleton (Crypt:3)
  A hellion (Hell)
  9 rime drakes
  A catoblepas zombie (Crypt:3)
  A rime drake (shapeshifter) (D:14)
  A demonic crawler (Depths:2)
  32 yaktaurs
  8 anaconda simulacra
  2 kobold demonologists (Depths:1)
  13 hellwings (Crypt:3)
  A black draconian zombie (Crypt:2)
  26 freezing wraiths
  A tormentor (Geh:1)
  A white draconian skeleton (Crypt:2)
  5 ice devils
  2 entropy weaver simulacra (IceCv)
  11 komodo dragons
  36 merfolk
  8 tengu conjurers
  A golden dragon simulacrum (IceCv)
  2 guardian mummies (Crypt:3)
  8 spriggan skeletons
  8 trolls
  2 harpy zombies
  7 polar bears
  A queen bee (Lair:3)
  6 hornets
  8 wind drakes
  A harpy skeleton (Crypt:3)
  3 hydra skeletons
  127 slime creatures
  A stone giant simulacrum (Depths:1)
  8 dream sheep
  13 snapping turtles
  13 blink frogs
  An ettin zombie (Crypt:3)
  2 flying skulls (Crypt:1)
  A jumping spider (Vaults:2)
  8 air elementals
  3 dire elephant simulacra
  19 water elementals
  2 spriggans (shapeshifter)
  A culicivora (shapeshifter) (Depths:2)
  3 shadows
  18 wraiths
  A centaur simulacrum (D:13)
  6 fire elementals
  A yak (shapeshifter) (D:15)
  An ushabti (Crypt:3)
  57 yaks
  A wind drake zombie (Crypt:1)
  Grum (D:9)
  4 hogs (D:15)
  9 wyverns
  A redback (Vaults:2)
  Eustachio (D:6)
  3 golden eyes (Slime:4)
  16 humans (D:13)
  An alligator snapping turtle simulacrum (Coc:2)
  2 basilisks
  A steam dragon (D:8)
  2 redbacks (shapeshifter)
  A yaktaur simulacrum (Vaults:4)
  12 vampire mosquitoes
  5 harpy simulacra
  2 acid dragons (D:10)
  41 nagas
  A swamp worm (shapeshifter) (Elf:1)
  6 wargs
  16 water moccasins
  3 hydra simulacra
  2 floating eyes
  2 swamp drakes (Lair:6)
  An alligator simulacrum (IceCv)
  A cane toad skeleton (Crypt:1)
  42 orc warriors
  2 ice beasts
  5 black bears
  A black mamba simulacrum (Crypt:1)
  A hornet zombie (D:6)
  3 necrophages
  2 ettin simulacra (IceCv)
  13 centaurs
  10 ogres
  2 boggarts (Depths:1)
  52 wolves
  2 hog zombies (Crypt:1)
  A phantom (D:5)
  9 bullfrogs
  A palentonga zombie (Crypt:1)
  6 kobold brigands
  2 elf zombies (D:4)
  A gnoll sergeant (D:6)
  A wyvern zombie (D:8)
  A cane toad simulacrum (D:12)
  2 water moccasin zombies (Ossuary)
  6 earth elementals
  8 wyvern skeletons (Crypt:3)
  A warg skeleton (Crypt:1)
  4 lindwurm simulacra (IceCv)
  8 wights
  2 elephant simulacra (D:12)
  33 killer bees
  A yak skeleton (Crypt:2)
  A howler monkey (D:4)
  9 electric eels
  7 hounds
  A bullfrog zombie (D:5)
  5 centaur zombies
  A quasit (Abyss:2)
  24 orc priests
  2 bullfrog skeletons
  3 jellies
  4 centaur skeletons
  6 human skeletons
  4 iguanas
  8 hell rats
  27 orc wizards
  A troll simulacrum (D:12)
  A wolf simulacrum (D:12)
  A demigod zombie (Crypt:1)
  3 naga zombies
  A dwarf skeleton (Crypt:1)
  A hound skeleton (D:2)
  2 mummies (Ossuary)
  5 gnolls (D:6)
  13 adders
  2 naga simulacra (D:12)
  2 river rats (Sewer)
  2 shadow imps
  A white imp (D:12)
  6 adder zombies
  An adder skeleton (D:4)
  6 worms
  A barachi skeleton (Crypt:2)
  4 dart slugs
  100 orcs
  10 ball pythons
  9 endoplasms
  2 giant cockroaches (D:1)
  7 hobgoblins
  4 jackals (D:1)
  31 kobolds
  2 quokkas
  9 bats
  3 frilled lizards
  A giant cockroach zombie (Crypt:2)
  3 gnoll zombies (Ossuary)
  12 goblins
  A hobgoblin zombie (Ossuary)
  3 kobold zombies (Ossuary)
  An orc skeleton (D:4)
  6 orc zombies (Ossuary)
  10 rats
  2 creeping infernos (Geh:1)
  2 fire vortices (Geh:1)
  A tentacle (Hell)
2741 creatures vanquished.

Vanquished Creatures (collateral kills)
  A lindwurm simulacrum (IceCv)
1 creature vanquished.

Vanquished Creatures (others)
  A tentacled monstrosity (Zot:1)
  A draconian knight (Zot:1)
  A frost giant (Depths:2)
  A deep elf zephyrmancer (Elf:1)
  An anaconda simulacrum (Coc:2)
  2 water elementals (Elf:1)
  A human (D:15)
  An orc (Vaults:4)
  20 fungi
  99 plants
  14 tentacles
  23 withered plants (Crypt:3)
165 creatures vanquished.

Grand Total: 2907 creatures vanquished

Notes
Turn   | Place    | Note
-------+----------+-------------------------------------------
     0 | D:1      | Kaptain the Gargoyle Earth Elementalist began the quest for
                  | the Orb.
     0 | D:1      | Reached XP level 1. HP: 10/10 MP: 3/3
    79 | D:1      | Found a faded altar of an unknown god.
   237 | D:1      | You fall into a shaft and drop 1 floor!
   280 | D:2      | Reached XP level 2. HP: 15/15 MP: 0/5
   734 | D:1      | Reached skill level 4 in Earth Magic
   828 | D:1      | Reached XP level 3. HP: 20/20 MP: 3/6
   835 | D:1      | Learned a level 3 spell: Stone Arrow
  1904 | D:2      | Reached skill level 1 in Fighting
  1904 | D:2      | Reached skill level 1 in Armour
  1904 | D:2      | Reached XP level 4. HP: 17/25 MP: 7/7
  2444 | D:2      | Reached skill level 1 in Conjurations
  2624 | D:3      | Found a glowing drain.
  2634 | Sewer    | Entered a sewer
  2688 | Sewer    | Noticed a kobold brigand
  2703 | Sewer    | Killed a kobold brigand
  2704 | Sewer    | Reached XP level 5. HP: 26/29 MP: 2/9
  3245 | Sewer    | Noticed a kobold brigand
  3258 | Sewer    | Killed a kobold brigand
  3259 | Sewer    | Reached skill level 5 in Earth Magic
  3259 | Sewer    | Reached XP level 6. HP: 35/35 MP: 5/10
  3844 | Sewer    | Reached XP level 7. HP: 37/40 MP: 10/12
  5229 | D:4      | Found a sand-covered staircase.
  5243 | Ossuary  | Entered an ossuary
  5635 | D:4      | Reached skill level 6 in Earth Magic
  5668 | D:4      | Reached XP level 8. HP: 31/45 MP: 14/14
  7003 | D:5      | Entered Level 5 of the Dungeon
  7409 | D:5      | Found an opulent altar of Gozag.
  7901 | D:5      | Reached skill level 7 in Earth Magic
  8171 | D:5      | Found a sparkling altar of Nemelex Xobeh.
  8249 | D:5      | Reached XP level 9. HP: 51/51 MP: 9/16
  8309 | D:5      | Found a shimmering blue altar of Sif Muna.
  8309 | D:5      | Found an ancient bone altar of Kikubaaqudgha.
  8311 | D:5      | Found a radiant altar of Vehumet.
  8316 | D:5      | Got Sif Muna's Almanac of Translocation
  8355 | D:6      | Reached skill level 5 in Conjurations
  8356 | D:6      | Reached skill level 5 in Spellcasting
  8522 | D:6      | Found an ornate altar of the Wu Jian Council.
  8606 | D:6      | Noticed Eustachio
  8612 | D:6      | Killed Eustachio
  8761 | D:6      | Reached skill level 5 in Stealth
  8798 | D:6      | Found an iron altar of Okawaru.
  9253 | D:6      | Reached skill level 8 in Earth Magic
  9879 | D:7      | Found a white marble altar of Elyvilon.
 10402 | D:7      | Found a staircase to the Ecumenical Temple.
 10414 | Temple   | Entered the Ecumenical Temple
 10560 | D:7      | Reached XP level 10. HP: 58/58 MP: 5/18
 10762 | D:7      | Found a stormy altar of Qazlal.
 10877 | D:8      | Noticed Psyche
 10884 | D:8      | Killed Psyche
 11041 | D:8      | Identified the +2 leather armour of the Hurricane {Fly rN+
                  | Regen+ Dex+7}
 11445 | D:8      | Found a glowing golden altar of the Shining One.
 11508 | D:8      | Learned a level 5 spell: Fireball
 11510 | D:8      | Noticed a cyclops
 11579 | D:8      | Noticed Lapinsky1's ghost (journeyman MiGl)
 11586 | D:8      | Found a runed translucent gate.
 11586 | D:8      | Found a runed translucent gate.
 11587 | D:8      | Found a runed translucent gate.
 12042 | D:9      | Found a flagged portal.
 12052 | Bailey   | Entered a bailey
 12143 | Bailey   | Reached skill level 9 in Earth Magic
 12265 | Bailey   | Noticed an orc warlord
 12288 | Bailey   | Reached skill level 1 in Shields
 12402 | Bailey   | Reached skill level 5 in Armour
 12456 | Bailey   | Noticed an orc knight
 12670 | Bailey   | Found a runed translucent gate.
 12671 | Bailey   | Found a runed translucent gate.
 12672 | Bailey   | Found a runed translucent gate.
 12678 | Bailey   | Noticed an orc knight
 12708 | Bailey   | Killed an orc knight
 12709 | Bailey   | Reached skill level 5 in Fighting
 12718 | Bailey   | Killed an orc knight
 12958 | Bailey   | Killed an orc warlord
 12959 | Bailey   | Reached XP level 11. HP: 37/64 MP: 2/21
 13161 | Bailey   | Reached skill level 11 in Earth Magic
 13161 | Bailey   | Reached XP level 12. HP: 72/72 MP: 24/24
 13358 | D:9      | Found a shimmering altar of Xom.
 13378 | D:9      | Noticed a two-headed ogre
 13382 | D:9      | Killed a two-headed ogre
 13449 | D:9      | Found Noerasch's Antique Weapon Emporium.
 13629 | D:9      | Noticed Grum
 13634 | D:9      | Killed Grum
 14073 | D:9      | Found a staircase to the Orcish Mines.
 14507 | D:10     | Entered Level 10 of the Dungeon
 14550 | D:10     | Found a blossoming altar of Fedhas.
 14670 | D:10     | Found a hazy altar of Hepliaklqana.
 14726 | D:10     | Found a staircase to the Lair.
 15083 | D:10     | Reached skill level 10 in Conjurations
 15138 | D:10     | Found a burning altar of Makhleb.
 15586 | D:10     | Found a snail-covered altar of Cheibriados.
 15623 | Lair:1   | Entered Level 1 of the Lair of Beasts
 15711 | Lair:1   | Reached skill level 12 in Earth Magic
 16550 | Lair:1   | Reached XP level 13. HP: 29/79 MP: 2/26
 17691 | Lair:2   | Identified a scroll of acquirement
 18090 | Lair:2   | Identified the +2 ring mail "Jackaep" {rC++ Str-4}
 18264 | Lair:2   | Found a runed translucent gate.
 18264 | Lair:2   | Found a runed translucent gate.
 18264 | Lair:2   | Found a runed translucent gate.
 18265 | Lair:2   | Noticed coldbreeze's ghost (journeyman OpGl)
 18274 | Lair:2   | Killed coldbreeze's ghost
 18724 | Lair:2   | Reached skill level 13 in Earth Magic
 18727 | Lair:2   | Reached skill level 5 in Shields
 19375 | Lair:3   | Reached skill level 10 in Spellcasting
 19720 | Lair:3   | Found a staircase to the Snake Pit.
 20024 | Snake:1  | Entered Level 1 of the Snake Pit
 20388 | Lair:4   | Found a staircase to the Shoals.
 21225 | Lair:5   | Gained mutation: Your large and strong wings let you fly.
                  | [Gargoyle growth]
 21225 | Lair:5   | Reached XP level 14. HP: 85/86 MP: 28/28
 22297 | Lair:5   | Found a viscous altar of Jiyva.
 22297 | Lair:5   | Found a staircase to the Slime Pits.
 22538 | Lair:6   | Entered Level 6 of the Lair of Beasts
 22639 | Lair:6   | Reached skill level 14 in Earth Magic
 23088 | Lair:6   | Learned a level 5 spell: Lee's Rapid Deconstruction
 24427 | Orc:1    | Entered Level 1 of the Orcish Mines
 25160 | Orc:2    | Entered Level 2 of the Orcish Mines
 25338 | Orc:2    | Found a staircase to the Elven Halls.
 25704 | Orc:2    | Paralysed by an orc sorcerer for 7 turns
 26013 | D:9      | Learned a level 7 spell: Orb of Destruction
 26319 | Orc:2    | Noticed an orc warlord
 27148 | Orc:2    | HP: 4/87 [orc knight (30)]
 27152 | Orc:1    | Reached XP level 15. HP: 5/92 MP: 14/30
 28209 | Orc:2    | Reached skill level 10 in Fighting
 29559 | Orc:2    | Found Beileado's General Store.
 29565 | Orc:2    | Bought a scroll of magic mapping for 45 gold pieces
 29575 | Orc:2    | Found Syzaaxaos's Antique Armour Shop.
 29723 | Orc:2    | Found Vosifizy's Antique Weapon Shop.
 29741 | Orc:2    | Found Ecusu's Jewellery Shop.
 30596 | D:11     | Noticed Josephine
 30598 | D:11     | Killed Josephine
 30779 | D:11     | Learned a level 1 spell: Animate Skeleton
 30784 | D:11     | Learned a level 4 spell: Sticky Flame
 30811 | D:11     | Noticed Fannar
 30830 | D:10     | Killed Fannar
 31326 | D:12     | Identified the +1 leather armour "Haaf" {Drain rElec Str+5
                  | Dex+5}
 31468 | D:12     | Reached skill level 10 in Stealth
 31550 | D:12     | Reached skill level 15 in Earth Magic
 31953 | D:12     | Found a transporter.
 31957 | D:12     | Found a transporter.
 31958 | D:12     | Found a bloodstained altar of Trog.
 31968 | D:12     | Noticed hitsuchi's ghost (journeyman OpTm)
 32457 | D:12     | Acquired the ring of Weveitzi {rF+ rC+ Str-3 Stlth+}
 32497 | D:13     | Noticed Urug
 32497 | D:13     | Noticed Rupert
 32497 | D:13     | Found a gate to the Vaults.
 33563 | Snake:1  | Found Rekeb's Weapon Boutique.
 34243 | Snake:2  | Reached XP level 16. HP: 79/98 MP: 14/32
 34510 | Snake:2  | Reached skill level 5 in Dodging
 35489 | Snake:2  | Reached skill level 16 in Earth Magic
 35733 | Snake:3  | Found a transporter.
 37001 | Snake:3  | Found a transporter.
 37507 | Orc:2    | Bought an ancient demon blade for 540 gold pieces
 37507 | Orc:2    | Identified the +3 demon blade of Abuse {venom, rPois Dex+3}
                  | (You bought it in a shop on level 2 of the Orcish Mines)
 37845 | Shoals:1 | Entered Level 1 of the Shoals
 37978 | Shoals:1 | Reached skill level 10 in Armour
 38323 | Snake:4  | Entered Level 4 of the Snake Pit
 38329 | Snake:4  | Noticed a nagaraja
 38521 | Snake:4  | Noticed Asterion
 38522 | Snake:4  | Reached XP level 17. HP: 55/104 MP: 19/33
 38762 | Snake:4  | Killed Asterion
 38763 | Snake:4  | Reached skill level 15 in Conjurations
 38861 | Snake:4  | Noticed Louise
 39030 | Snake:4  | Cast into level 2 of the Abyss (Louise)
 39130 | Snake:4  | Escaped the Abyss
 39152 | Snake:4  | Killed Louise
 39247 | Snake:4  | Noticed Nikola
 39255 | Snake:4  | Killed Nikola
 39664 | Snake:4  | Noticed Donald
 39685 | Snake:4  | Killed Donald
 39846 | Snake:4  | Reached skill level 17 in Earth Magic
 40942 | Snake:4  | Found Vivvoeng's Distillery.
 40950 | Snake:4  | Bought a potion of heal wounds for 95 gold pieces
 40950 | Snake:4  | Bought a potion of magic for 152 gold pieces
 41587 | Snake:4  | Reached XP level 18. HP: 112/112 MP: 32/35
 41801 | Snake:4  | Got a serpentine rune of Zot
 42259 | Shoals:1 | Found Utezanotacs's Book Shop.
 42267 | Shoals:1 | Bought a book of Burglary for 300 gold pieces
 42271 | Shoals:1 | Learned a level 3 spell: Swiftness
 42972 | Shoals:2 | Noticed Ilsuiw
 43347 | D:8      | Killed Lapinsky1's ghost
 43520 | D:13     | Killed Urug
 43575 | D:12     | Killed Rupert
 43790 | D:13     | Found Doolopp's Jewellery Emporium.
 44539 | D:13     | Found a huge runed translucent gate.
 44540 | D:13     | Found a huge runed translucent gate.
 44541 | D:13     | Found a huge runed translucent gate.
 44542 | D:13     | Found a huge runed translucent gate.
 44867 | D:14     | Identified the +2 robe "Usoas" {rElec rPois Regen+}
 45160 | D:14     | Noticed Frances
 45183 | D:14     | Killed Frances
 45184 | D:14     | Reached skill level 10 in Shields
 45913 | D:15     | Entered Level 15 of the Dungeon
 45913 | D:15     | Found Piegum's Magic Scroll Boutique.
 45922 | D:15     | Found Lauwa's Antique Armour Shoppe.
 45934 | D:15     | Found Myav's Book Emporium.
 45972 | D:15     | Bought a book of Armaments for 648 gold pieces
 46078 | D:15     | Reached skill level 18 in Earth Magic
 46182 | D:15     | Learned a level 8 spell: Lehudib's Crystal Spear
 46343 | D:15     | Noticed Kirke
 46353 | D:15     | Killed Kirke
 46558 | D:15     | Found a staircase to the Depths.
 46621 | D:15     | Found Reedaoll's Assorted Antiques.
 46737 | D:15     | Found Zooheog's Neck Hole.
 46744 | D:15     | Bought a +1 cloak of preservation for 231 gold pieces
 47067 | Depths:1 | Entered Level 1 of the Depths
 47302 | Depths:1 | Found a shimmering blue altar of Sif Muna.
 47425 | Depths:1 | Identified the +4 ring mail of Etonuhiu {Regen+ Str+8
                  | Dex-5}
 47425 | Depths:1 | Identified the amulet "Bitise Tuef" {RegenMP rC+ rCorr
                  | Str-4 Int+5}
 47679 | Depths:1 | Reached XP level 19. HP: 114/117 MP: 15/37
 47792 | Depths:1 | Found Utuytuc's Assorted Antiques.
 47954 | Depths:1 | Paralysed by a great orb of eyes for 4 turns
 48212 | Depths:1 | Found a gateway to Hell.
 48565 | Depths:1 | Found a one-way gate to the infinite horrors of the Abyss.
 48917 | Depths:2 | Found a one-way gate leading to the halls of Pandemonium.
 49140 | Depths:2 | Found Hievat's Armour Emporium.
 49141 | Depths:2 | Found Jiraeson's Book Emporium.
 49141 | Depths:2 | Found Pungeqa's Antique Weapon Shoppe.
 49147 | Depths:2 | Found Kaveintat's Distillery.
 49153 | Depths:2 | Bought a potion of heal wounds for 60 gold pieces
 49437 | Depths:2 | Paralysed by a sphinx for 6 turns
 49531 | Depths:2 | Identified the +0 ring mail of Haul {rElec rC+ Str+4}
 49824 | Depths:2 | Noticed a tentacled monstrosity
 49842 | Depths:2 | Found a one-way gateway to a ziggurat.
 49956 | Depths:2 | Killed a tentacled monstrosity
 50705 | Depths:2 | Identified the ring "Komu Gio" {Will- MP+9 Int+5 Dex+6}
 51227 | Snake:3  | Gained mutation: Potions are less effective at restoring
                  | your health. [mutagenic glow]
 51243 | Snake:3  | Gained mutation: You are occasionally teleported next to
                  | monsters. [mutagenic glow]
 51260 | Snake:3  | Gained mutation: You occasionally shout uncontrollably at
                  | your foes. [mutagenic glow]
 51310 | Snake:3  | Identified the +11 falchion "Eviscerator" {venom, rC+ rCorr
                  | Dex+3}
 51312 | Snake:3  | Identified the ring "Itare" {rF+ rC+ rCorr Stlth+}
 51326 | Snake:3  | Identified the ring "Pups" {+Blink rN+ MP+9}
 51610 | Elf:1    | Entered Level 1 of the Elven Halls
 51636 | Elf:1    | Found a frozen archway.
 51652 | Elf:1    | Reached skill level 19 in Earth Magic
 51705 | IceCv    | Entered an ice cave
 51853 | IceCv    | Reached skill level 15 in Spellcasting
 52084 | IceCv    | Found an ancient bone altar of Kikubaaqudgha.
 52098 | IceCv    | Reached XP level 20. HP: 109/124 MP: 12/39
 53823 | Elf:1    | Identified the ring of the Bruised Teeth {rF+ rC+ Int-3
                  | Dex+6}
 53878 | Elf:1    | Got Xynnut's Catalogue of Ignition and Snow
 54384 | Elf:2    | Paralysed by an air elemental for 1 turns
 54491 | Elf:2    | Paralysed by an air elemental for 1 turns
 54493 | Elf:2    | Paralysed by an air elemental for 1 turns
 54543 | Elf:2    | Found Ahimergh's General Store.
 54549 | Elf:2    | Paralysed by an air elemental for 1 turns
 55294 | Elf:2    | Found a huge runed translucent gate.
 55294 | Elf:2    | Found a huge runed translucent gate.
 55294 | Elf:2    | Found a huge runed translucent gate.
 55294 | Elf:2    | Found a huge runed translucent gate.
 55294 | Elf:2    | Found a huge runed translucent gate.
 56193 | Elf:3    | Entered Level 3 of the Elven Halls
 56251 | Elf:3    | Lost mutation: You are occasionally teleported next to
                  | monsters. [potion of mutation]
 56251 | Elf:3    | Lost mutation: You occasionally shout uncontrollably at
                  | your foes. [potion of mutation]
 56251 | Elf:3    | Gained mutation: You have a pair of small antennae on your
                  | head. [potion of mutation]
 56251 | Elf:3    | Gained mutation: You have a pair of antennae on your head.
                  | [potion of mutation]
 56251 | Elf:3    | Lost mutation: Potions are less effective at restoring your
                  | health. [potion of mutation]
 56251 | Elf:3    | Gained mutation: You passively map a small area around you.
                  | [potion of mutation]
 56445 | Elf:3    | Reached XP level 21. HP: 130/130 MP: 30/40
 56726 | Elf:3    | Reached skill level 20 in Earth Magic
 57090 | Elf:3    | Identified the +8 quarterstaff of the Vaults {freeze, Fly
                  | rF- Dex+7 Stlth-}
 57090 | Elf:3    | Identified the amulet of Umisist {Acrobat rC+ rN+ Will-
                  | Stlth+}
 57436 | Elf:3    | Identified the +11 rapier "Ogruerchoc" {vorpal, Dex+3}
 57567 | Elf:3    | Noticed Mara
 57568 | Elf:3    | Noticed Kaptain's illusion
 57690 | Elf:3    | Noticed Kaptain's illusion
 57798 | Elf:3    | Noticed Kaptain's illusion
 57944 | Elf:2    | Noticed Kaptain's illusion
 57949 | Elf:2    | Killed Mara
 58298 | Elf:3    | Found Puhaen's Book Emporium.
 58306 | Elf:3    | Bought a manual of Shields for 1600 gold pieces
 58385 | Elf:3    | Identified the +9 shortbow of Foul Odours {flame, rN+
                  | Will+}
 58442 | Elf:3    | Identified the +3 whip "Pyfugid" {drain, rCorr Str-4 Int+4
                  | Stlth+}
 59211 | Elf:3    | Learned a level 2 spell: Passwall
 59418 | Vaults:1 | Entered Level 1 of the Vaults
 62166 | Vaults:2 | Noticed a bone dragon
 62187 | Vaults:2 | Killed a bone dragon
 62319 | Vaults:2 | You are sucked into a shaft and drop 2 floors!
 62345 | Vaults:4 | Reached XP level 22. HP: 137/137 MP: 19/42
 62870 | Vaults:3 | Noticed Aizul
 62880 | Vaults:4 | Killed Aizul
 63292 | Vaults:2 | Found a staircase to the Crypt.
 63397 | Vaults:2 | Got the Collected Works on Sinister Magic and Attacks
 63948 | Vaults:3 | Reached skill level 21 in Earth Magic
 64084 | Vaults:3 | Learned a level 6 spell: Iron Shot
 64274 | Vaults:3 | Reached skill level 15 in Stealth
 65378 | Vaults:3 | Noticed Jory
 65390 | Vaults:3 | Killed Jory
 65885 | Vaults:4 | Found Beiwk's Weapon Boutique.
 65914 | Vaults:4 | Noticed Saint Roka
 66731 | Vaults:4 | Identified the +2 cloak "Wixocy" {rF+ rC+}
 66967 | Vaults:4 | Reached XP level 23. HP: 143/143 MP: 34/44
 67737 | Vaults:5 | Entered Level 5 of the Vaults
 67737 | Vaults:5 | Noticed an ancient lich
 67737 | Vaults:5 | Noticed a golden dragon
 67859 | Vaults:4 | Learned a level 2 spell: Blink
 68268 | Vaults:4 | Killed a golden dragon
 68752 | Vaults:4 | Killed an ancient lich
 69046 | Vaults:5 | Reached skill level 15 in Fighting
 69236 | Vaults:5 | Noticed a golden dragon
 69241 | Vaults:5 | Killed a golden dragon
 69242 | Vaults:5 | Reached skill level 22 in Earth Magic
 69244 | Vaults:5 | Noticed a dread lich
 69249 | Vaults:5 | Killed a dread lich
 69249 | Vaults:5 | Identified the +6 hunting sling "Noer" {vorpal, Will+}
 69513 | Vaults:5 | Reached skill level 10 in Dodging
 69528 | Vaults:5 | Noticed a golden dragon
 69533 | Vaults:5 | Killed a golden dragon
 69779 | Vaults:5 | Got a silver rune of Zot
 70011 | Vaults:5 | Identified the +6 spear of Balance {drain, Drain Str+10
                  | Dex+4 SInv}
 70062 | Vaults:5 | Identified the +3 spear of Fate {vorpal, rC- Str+8 SInv}
 70062 | Vaults:5 | Identified the amulet "Pufau" {Faith rPois Will- MP-9
                  | Int+8}
 70167 | Vaults:5 | Reached skill level 15 in Shields
 70179 | Vaults:5 | Identified the +5 quarterstaff of Aboosoka {drain, rC-
                  | Int+4 Dex+6}
 70619 | Vaults:5 | Got the Guide on Toxins and Displacement
 70623 | Vaults:5 | Identified the +10 hunting sling of Wotaal {venom, rC+
                  | Str-4 Int+6}
 70809 | Vaults:5 | Got Vose's Handbook of the Frostbite
 71067 | Vaults:5 | Reached XP level 24. HP: 151/151 MP: 11/44
 71431 | Crypt:1  | Entered Level 1 of the Crypt
 72384 | Slime:1  | Entered Level 1 of the Pits of Slime
 74400 | Slime:3  | Gained mutation: Your body sometimes deteriorates upon
                  | taking damage. [a shining eye]
 74827 | Slime:3  | You are sucked into a shaft and drop 1 floor!
 74881 | Slime:5  | Entered Level 5 of the Pits of Slime
 75209 | Slime:5  | Noticed the Royal Jelly
 75794 | Slime:4  | Gained mutation: Your magical capacity is low. (-10% MP) [a
                  | shining eye]
 75797 | Slime:4  | Gained mutation: You occasionally shout uncontrollably at
                  | your foes. [a shining eye]
 75947 | Slime:3  | Lost mutation: You have a pair of antennae on your head.
                  | [potion of mutation]
 75947 | Slime:3  | Lost mutation: You have a pair of small antennae on your
                  | head. [potion of mutation]
 75947 | Slime:3  | Lost mutation: You passively map a small area around you.
                  | [potion of mutation]
 75947 | Slime:3  | Gained mutation: You have a pair of small horns on your
                  | head. [potion of mutation]
 75947 | Slime:3  | Gained mutation: You are strong-willed. (Will+) [potion of
                  | mutation]
 75948 | Slime:3  | Lost mutation: Your magical capacity is low. (-10% MP)
                  | [potion of mutation]
 75948 | Slime:3  | Lost mutation: You occasionally shout uncontrollably at
                  | your foes. [potion of mutation]
 75948 | Slime:3  | Lost mutation: You are strong-willed. (Will+) [potion of
                  | mutation]
 75949 | Slime:3  | Lost mutation: Your body sometimes deteriorates upon taking
                  | damage. [potion of mutation]
 75949 | Slime:3  | Lost mutation: You have a pair of small horns on your head.
                  | [potion of mutation]
 75949 | Slime:3  | Gained mutation: You are somewhat resistant to further
                  | mutation. [potion of mutation]
 80727 | Slime:5  | Found a viscous altar of Jiyva.
 81627 | Slime:5  | Found the +4 skin of Zhor {*Englaciate rC+++ SInv}
 82461 | Slime:5  | Killed the Royal Jelly
 83244 | Slime:5  | Got a slimy rune of Zot
 83288 | Slime:5  | Identified the +8 whip "Killer Bee's Peril" {freeze, rPois
                  | Will+}
 83306 | Slime:5  | Identified the +3 chain mail "Gytiowk" {*Slow rN+ Will+}
 83343 | Slime:5  | Identified the +11 shortbow of Accord {flame, Fragile rPois
                  | Will- Int+2 Dex+7}
 83636 | D:15     | Bought a shiny helmet for 172 gold pieces
 83713 | Depths:3 | Reached skill level 15 in Armour
 83927 | Depths:3 | Found a corrupted altar of Lugonu.
 83983 | Depths:3 | Reached skill level 23 in Earth Magic
 84227 | Depths:3 | Found a shadowy altar of Dithmenos.
 84481 | Depths:3 | Noticed a caustic shrike
 84642 | Depths:2 | Killed a caustic shrike
 85063 | Depths:3 | Noticed a juggernaut
 85448 | Depths:3 | Killed a juggernaut
 85634 | Depths:3 | Reached XP level 25. HP: 157/157 MP: 31/45
 85999 | Depths:3 | Identified the +9 broad axe of Ycain {flame, Int+4}
 86071 | Depths:3 | Noticed a juggernaut
 86261 | Depths:3 | Killed a juggernaut
 86632 | Depths:4 | Entered Level 4 of the Depths
 86680 | Depths:4 | Noticed Margery
 86690 | Depths:4 | Killed Margery
 90139 | Depths:4 | Noticed an ancient lich
 90140 | Depths:4 | Killed an ancient lich
 90476 | Depths:4 | Found a gate to the Realm of Zot.
 90858 | Zot:1    | Entered Level 1 of the Realm of Zot
 92283 | Shoals:2 | Killed Ilsuiw
 92912 | Shoals:2 | Reached skill level 24 in Earth Magic
 93382 | Shoals:2 | Identified Roxanne's Compendium of Transformation
 93382 | Shoals:2 | Noticed Roxanne
 93386 | Shoals:2 | Killed Roxanne
 94000 | Shoals:3 | Reached XP level 26. HP: 150/164 MP: 4/46
 94312 | Shoals:3 | Found Jaoxtari's Jewellery Boutique.
 95699 | Shoals:4 | Entered Level 4 of the Shoals
 97668 | Shoals:4 | Got a barnacled rune of Zot
 97775 | Shoals:4 | Noticed Polyphemus
 98593 | Shoals:4 | Killed Polyphemus
 99419 | Hell     | Entered the Vestibule of Hell
 99419 | Hell     | Noticed Geryon
103466 | Crypt:1  | Noticed a dread lich
103472 | Crypt:1  | Killed a dread lich
104462 | Crypt:1  | Reached XP level 27. HP: 171/171 MP: 38/46
104609 | Crypt:1  | Reached skill level 25 in Earth Magic
105830 | Crypt:3  | Entered Level 3 of the Crypt
108562 | Crypt:3  | Noticed a dread lich
108579 | Crypt:3  | Killed a dread lich
108754 | Crypt:3  | Noticed a dread lich
108762 | Crypt:3  | Killed a dread lich
108882 | Crypt:3  | Identified the +4 scale mail of Incorporation {Regen+ Str-2
                  | SInv}
109335 | Crypt:3  | Found an ancient bone altar of Kikubaaqudgha.
109967 | Crypt:3  | Found a staircase to the Tomb.
110446 | D:12     | Killed hitsuchi's ghost
111185 | Hell     | Killed Geryon
111750 | Hell     | Found a gateway to the Iron City of Dis.
112020 | Hell     | Found a gateway to the freezing wastes of Cocytus.
112200 | Hell     | Found a gateway to the decaying netherworld of Tartarus.
112311 | Hell     | Found a gateway to the ashen valley of Gehenna.
112414 | Coc:1    | Entered Level 1 of Cocytus
112823 | Coc:1    | Noticed a juggernaut
112833 | Coc:1    | Killed a juggernaut
114439 | Geh:1    | Entered Level 1 of Gehenna
115514 | Dis:1    | Entered Level 1 of the Iron City of Dis
115555 | Dis:1    | Reached skill level 26 in Earth Magic
118136 | Zot:1    | Identified the +2 long sword of Ambiguity {vorpal, Int+4}
118194 | Zot:1    | HP: 1/173 [black draconian knight/bolt of lightning (14)]
118194 | Zot:1    | Killed from afar by a white draconian stormcaller

Illustrated notes

Levels and vault maps discovered:
D:1:      psy_arrival_radial02, layout_basic, ebering_ecumenical_altar_hall,
          minmay_misc_feat_tiny, chequers_serial_rivers_micro_b, minmay_unequal
D:2:      layout_basic
D:3:      layout_basic, portal_sewer_entry_b, st_stairs_3, minmay_bisected
D:4:      nicolae_cairo_tiling_large_dashed, layout_basic,
          nicolae_ossuary_entry_catacombs
D:5:      minmay_angry_zag, layout_loops_ring,
          grunt_temple_overflow_magic_moments, nemelex_spade_bored_becter,
          grunt_gozag_statues, kennysheep_generic_room_10
D:6:      layout_basic, okawaru_ov_weapons_minmay, mainiacjoe_overflow_paths,
          st_stairs_9, uniq_eustachio
D:7:      layout_loops_cross, elyvilon_altar_5, kennysheep_little_box,
          temple_hall
D:8:      layout_basic, nicolae_tso_carved_into_rock, gammafunk_ghost_split,
          uniq_psyche
D:9:      layout_loops_ring, xom_teletrap_fun, erik_orc_2, enter_bailey_3,
          serial_shops, kennysheep_mini, grunt_decor_clamped,
          hangedman_decor_growths, uniq_grum
D:10:     layout_irregular_city, mainiacjoe_overflow_alcove_1,
          fedhas_ov_isle_minmay, mainiacjoe_overflow_brackets,
          nzn_hepliaklqana_mist_gate, dpeg_oklobed_lair,
          kennysheep_generic_room_5
D:11:     layout_rooms, serial_glass, glass_columns_a, glass_columns_c,
          glass_columns_b, glass_columns_c, glass_columns_b, glass_columns_a,
          glass_columns_b, glass_columns_a, glass_columns_a, glass_columns_a,
          glass_columns_a, glass_columns_b, glass_columns_b, glass_columns_b,
          eino_small_chamber_without_monster, corexii_checkpoint_b,
          chequers_decorated_corner, uniq_fannar, uniq_josephine
D:12:     dreamdust_isle_of_ice, layout_loops_cross,
          gammafunk_ghost_wrathful_warriors
D:13:     lemuel_bear_cage, layout_basic, david_vaults_3, serial_shops,
          nicolae_shop_behind_doors
D:14:     layout_stronghold, moated_statue, uniq_frances
D:15:     hangedman_depths_entry_try_elsewhere_first, layout_long_grid,
          serial_shops, shop, shop, nicolae_shop_statue_plus, shop,
          minmay_misc_feat_room, nicolae_shop_sticking_my_neck_out, uniq_kirke
Temple:   corrupted_temple
Lair:1:   layout_long_grid, grunt_forest_large_clearings
Lair:2:   layout_long_grid, ebering_ghost_rock_garden, beast_lair_carwin_6,
          grunt_megastairs_2
Lair:3:   layout_roguey, minmay_snake_entry_guardpost_small, special_room
          [special_room_bee]
Lair:4:   layout_regular_city, minmay_shoals_entry_beasts, lemuel_fruit_tree
Lair:5:   layout_regular_city, dpeg_slime_entry_enclosed_altar,
          wad_woods_river_01, serial_bayou_shore_b, grunt_megastairs_5,
          infiniplex_staircase_pool_2
Lair:6:   guppyfry_lair_end_dragon, layout_regular_city, serial_bayou_crossing,
          serial_bayou_shore_b
Shoals:1: layout_shoals, serial_shops, shop, nicolae_shoals_pincushion_passage
Shoals:2: layout_shoals, uniq_ilsuiw, uniq_roxanne
Shoals:3: layout_shoals, serial_shops, shop_fountains
Shoals:4: shoals_end_hangedman, layout_shoals, uniq_polyphemus
Snake:1:  layout_basic, serial_shops, shop, nicolae_snake_gridmaze_zigzag,
          nicolae_snake_mages_go_home
Snake:2:  layout_grid_shapes, grunt_ministairs_4, nicolae_snake_bzzzt
Snake:3:  gammafunk_its_a_trap, layout_layer_cave
Snake:4:  grunt_snake_rune_pools, layout_grid_shapes, serial_shops,
          nicolae_shop_advertising_works [nicolae_subvault_shop_adworks],
          st_stairs_9, uniq_nikola, uniq_louise, uniq_asterion, uniq_donald
Slime:1:  layout_caves
Slime:2:  layout_caves
Slime:3:  layout_caves
Slime:4:  layout_caves
Slime:5
Orc:1:    layout_diamond_mine
Orc:2:    grunt_orc_cross, layout_caves
Elf:1:    minmay_the_grid_octo_tiled_squarecenter [minmay_the_grid_octo_focus,
          minmay_the_grid_octo_77, minmay_the_grid_octo_checkerflower,
          minmay_the_grid_octo_thin_diamonds,
          minmay_the_grid_square_5x5_megaprize_checkered,
          minmay_the_grid_square_5x5_v, minmay_the_grid_square_5x5_spiral_small,
          minmay_the_grid_square_5x5_n_small,
          minmay_the_grid_square_5x5_two_walls_a], layout_geoelf_octagon,
          portal_ice_cave_entry_ice_statue_two,
          hangedman_elven_crosses_minicolossus, hangedman_elf_power_crystal
Elf:2:    elven_hall_of_blades_hangedman_alternative
          [nicolae_blade_entry_hurt_lockers], layout_onion_city, serial_shops,
          shop
Elf:3:    minmay_elf_hall_circle, layout_geoelf_grid, serial_shops, shop,
          nicolae_elf_big_sculpture_3, uniq_mara
Vaults:1: ontoclasm_vaults_fault, v_misc_27, v_misc_10,
          nicolae_vaults_back_hallway, ontoclasm_vaults_decontamination,
          v_misc_26, vaults_dpeg_encased_lava, v_alt_pattern_2,
          layout_vaults_omnigrid
Vaults:2: minmay_crypt_entry_nasty_monster, v_misc_31,
          nicolae_vaults_little_squares_1, serial_ice_g, vaults_dpeg_ring,
          vaults_mumra_hex, nicolae_vaults_murderbox, layout_vaults_big_room
Vaults:3: nicolae_vaults_angled_halls, v_misc_11, vaults_dpeg_cross, v_misc_1,
          v_misc_12, nicolae_vaults_specimen_jars,
          nicolae_vaults_three_branches, hangedman_vaults_cutoff,
          vaults_mumra_hexcomb, ontoclasm_vaults_pinch, nicolae_vaults_meeting,
          layout_vaults_omnicross, uniq_jory, uniq_aizul
Vaults:4: v_misc_24, st_octagons_2, vaults_room_boxed,
          nicolae_vaults_what_the_h, grunt_vaults_hallway_short, v_rooms_5,
          v_pattern_3, hangedman_vaults_variations, ontoclasm_vaults_ligature,
          serial_ice_h, ontoclasm_vaults_chip, layout_vaults_ring, serial_shops,
          shop, uniq_saint_roka
Vaults:5
Crypt:1:  layout_rooms, nicolae_crypt_crumbling_hall
Crypt:2:  layout_misc_corridors
Crypt:3:  evilmike_haunted_forest
Depths:1: layout_gridville, abyss_entry_small_statue_room, nrook_campfire,
          hell_entry, serial_shops, nicolae_shop_overgrown_old_shop,
          amcnicky_mini_pool_small, hangedman_summoners_spam
Depths:2: minmay_connected_boxes_in_corner, layout_gridlike, enter_ziggurat_d,
          pan_entry, hellmouth_1, serial_rivers, chequers_serial_rivers_micro_b,
          chequers_serial_rivers_room_a, chequers_serial_rivers_room_b,
          chequers_serial_rivers_micro_b, chequers_serial_rivers_marsh,
          chequers_serial_rivers_small_a, minmay_mirror_moons_of_madness,
          minmay_shoptagon
Depths:3: minmay_bad_star, layout_cave_pools, hell_entry,
          abyss_entry_flame_altar, nicolae_dithmenos_through_a_glass_darkly,
          infiniplex_staircase_zigzag_1
Depths:4: grunt_runaround [grunt_runaround_doors_1, grunt_runaround_doors_2,
          grunt_runaround_doors_3, grunt_runaround_doors_4,
          grunt_runaround_zot], hell_entry, uniq_margery
Hell
Dis:1:    hangedman_dis_decor_blocks_crown, layout_jigsaw,
          nicolae_dis_big_boring_drill
Geh:1:    layout_gehenna_pools_triple
Geh:2:    layout_gehenna_lava_caves
Coc:1:    nicolae_hells_titanomachy
Coc:2:    layout_cocytus_delve
Zot:1:    layout_misc_corridors, hangedman_zot_decor_scrapings,
          grunt_ministairs_1, st_stairs_14, st_small_dragon_hoard_3
Zot:2:    kennysheep_blocky_room, layout_misc_corridors, grunt_megastairs_3

Skill      XL: |  1  2  3  4  5  6  7  8  9 10 11 12 13 14 15 16 17 18 19 20 21 22 23 24 25 26 27 |
---------------+----------------------------------------------------------------------------------+-----
Earth Magic    | 4 5 6 7 8 9 11 12 13 14 15 16 17 18 19 20 21 22 23 24 26 | 26.1
Fighting       | 1 2 3 4 5 7 8 9 10 11 12 13 14 15 16 17 18 | 18.0
Armour         | 1 2 3 4 5 6 7 8 9 10 11 12 13 14 15 16 17 | 17.4
Conjurations   | 1 2 3 4 6 7 9 10 11 13 14 15 16 17 18 19 20 21 22 24 | 24.1
Dodging        | 2 3 4 5 6 7 8 9 10 11 12 | 12.7
Stealth        | 3 4 5 6 7 8 9 10 11 12 13 14 15 16 | 16.0
Spellcasting   | 3 4 5 7 8 9 10 11 12 13 14 15 16 17 18 19 20 | 20.8
Shields        | 2 4 5 6 7 8 9 10 11 12 13 15 16 17 18 19 | 19.2
Transmutations | |  0.7

Action                   |  1- 3 |  4- 6 |  7- 9 | 10-12 | 13-15 | 16-18 | 19-21 | 22-24 | 25-27 || total
-------------------------+-------+-------+-------+-------+-------+-------+-------+-------+-------++-------
Melee: Dagger            |    23 |       |       |       |       |       |       |       |       ||    23
       Short sword       |     8 |    34 |   122 |       |       |       |       |       |       ||   164
       Punch             |       |     1 |     2 |     1 |     1 |       |       |       |       ||     5
       Flail             |       |       |    39 |   115 |    58 |       |       |       |       ||   212
       Trident           |       |       |       |       |     6 |    45 |    11 |       |       ||    62
       Demon blade       |       |       |       |       |       |       |    16 |       |       ||    16
       Falchion          |       |       |       |       |       |       |    41 |   115 |   209 ||   365
       Staff             |       |       |       |       |       |       |       |     8 |    10 ||    18
       Spear             |       |       |       |       |       |       |       |    10 |       ||    10
       Broad axe         |       |       |       |       |       |       |       |       |     6 ||     6
Throw: Javelin           |       |    17 |       |       |       |       |       |       |       ||    17
       Stone             |       |     2 |       |       |       |       |       |       |       ||     2
 Cast: Sandblast         |    36 |    47 |    69 |   108 |   207 |    49 |    13 |     3 |     3 ||   535
       Stone Arrow       |       |     5 |   113 |   237 |   375 |    66 |     9 |     4 |     1 ||   810
       Lee's Rapid Decon |       |       |       |       |   277 |   632 |   616 |   432 |   476 ||  2433
       Fireball          |       |       |       |       |    59 |    79 |    60 |    34 |    56 ||   288
       Orb of Destructio |       |       |       |       |     6 |    30 |    46 |    37 |    22 ||   141
       Animate Skeleton  |       |       |       |       |     5 |       |       |       |       ||     5
       Lehudib's Crystal |       |       |       |       |       |       |     7 |    10 |       ||    17
       Iron Shot         |       |       |       |       |       |       |       |   434 |   667 ||  1101
       Blink             |       |       |       |       |       |       |       |       |     1 ||     1
       Swiftness         |       |       |       |       |       |       |       |       |     1 ||     1
Evoke: Condenser vane    |       |       |       |       |     1 |       |     2 |     1 |       ||     4
       Wand              |       |       |       |       |       |     5 |     8 |     5 |     3 ||    21
       Phantom mirror    |       |       |       |       |       |       |     1 |       |       ||     1
       Tin of tremorston |       |       |       |       |       |       |       |     2 |       ||     2
       Lightning rod     |       |       |       |       |       |       |       |     1 |       ||     1
  Use: Scroll            |     2 |     8 |     5 |     1 |    15 |     4 |    10 |    17 |     8 ||    70
       Potion            |       |       |     4 |     6 |    17 |     4 |     4 |    10 |    10 ||    55
 Stab: Sleeping          |     3 |     1 |     2 |       |       |       |       |       |     2 ||     8
Armor: Robe              |    12 |    19 |     7 |       |       |       |       |       |       ||    38
       Leather armour    |       |       |    94 |   210 |   293 |   181 |   138 |    80 |       ||   996
       Skin              |       |       |       |       |    64 |       |       |       |       ||    64
       Shadow dragon sca |       |       |       |       |       |       |       |   514 |   993 ||  1507
Dodge: Dodged            |    26 |    52 |   116 |   212 |   255 |   192 |   115 |   217 |   306 ||  1491
Block: Buckler           |       |       |       |       |   131 |       |       |       |       ||   131
       Kite shield       |       |       |       |       |     7 |   303 |   147 |   524 |   804 ||  1785
       Reflection        |       |       |       |       |     4 |    56 |    19 |    21 |    30 ||   130
